 Dungeon Crawl Stone Soup version 0.31-a0-948-gf5be29c462 (webtiles) character file.

Game seed: 10293626323176090646

777 Bnni the Spear-Bearer (level 7, -2/64 HPs)
             Began as a Hill Orc Monk on Oct 20, 2023.
             Splashed by a jelly's acid (3 damage)
             ... on level 5 of the Dungeon.
             The game lasted 00:06:43 (4487 turns).

Bnni the Spear-Bearer (Hill Orc Monk)               Turns: 4487, Time: 00:06:44

Health: -2/64      AC: -6    Str: 16    XL:     7   Next: 84%
Magic:  7/7        EV:  7    Int: 10    God:
Gold:   302        SH:  0    Dex: 13    Spells: 6/6 levels left

rFire   . . .        f - +3 spear
rCold   . . .        d - orb {light}
rNeg    . . .        k - +0 chain mail
rPois   .            (no helmet)
rElec   .            o - +0 cloak
rCorr   .            h - +0 pair of gloves
SInv    .            (no boots)
Will    +....        (no amulet) Stlth
                     r - ring of willpower
HPRegen 0.30/turn    (no ring)
MPRegen 0.10/turn

%: no passive effects
@: corroded, glowing
A: no striking features
a: no special abilities


You were on level 5 of the Dungeon.
You visited 1 branch of the dungeon, and saw 5 of its levels.
You also visited: Ossuary.

You collected 322 gold pieces.
You spent 20 gold pieces at shops.

Inventory:

Hand Weapons
 a - a +0 spear
 f - a +3 spear (weapon)
 i - a +1 whip of electrocution
 w - a +1 dagger of venom
Missiles
 n - 3 poisoned darts
Armour
 d - an orb of light (worn)
 h - a +0 pair of gloves (worn)
 k - a +0 chain mail (worn)
 o - a +0 cloak (worn)
 u - a +2 buckler
Jewellery
 r - a ring of willpower (left hand)
Scrolls
 g - 2 scrolls of vulnerability
 j - 3 scrolls of teleportation {unknown}
 l - 2 scrolls of amnesia
 p - a scroll of silence {unknown}
 q - a scroll of poison {unknown}
 t - a scroll of brand weapon {unknown}
 A - a scroll of enchant weapon {unknown}
Potions
 b - 4 potions of curing
 c - a potion of ambrosia
 e - a potion of lignification {unknown}
 s - a potion of haste
 v - a potion of cancellation {unknown}
 x - 2 potions of might
 z - 3 potions of attraction {unknown}
 B - 2 potions of mutation {unknown}


   Skills:
 + Level 6.9 Fighting
 * Level 8.2 Polearms
 - Level 2.4 Dodging


You had 6 spell levels left.
You didn't know any spells.
Your spell library contained the following spells:

 Spells                   Type           Power      Damage    Failure   Level
 Inner Flame              Hex/Fire       0%         N/A       100%        3
 Summon Forest            Summ/Tloc      0%         N/A       100%        5
 Yara's Violent Unravell  Hex/Tmut       0%         3d3       100%        5
 Eringya's Noxious Bog    Tmut/Pois      0%         4d6       100%        6
 Enfeeble                 Hex            0%         N/A       100%        7
 Summon Hydra             Summ           0%         N/A       100%        7


Dungeon Overview and Level Annotations

Branches:
Dungeon (5/15)            Ossuary (visited)
 Temple: D:4-7

Altars:
Cheibriados

Shops:
D:2 ?   D:3 *

Annotations:
D:3 2 runed translucent doors, Bnni's ghost, amateur HOMo


Message History

You hit the jelly.
Your hands burn!
The jelly is lightly wounded.
The jelly hits you. The acid corrodes you!
You are splashed with acid!
You puncture the jelly!
Your hands burn!
The jelly is heavily wounded.
You hit the jelly but do no damage.
Your hands burn!
The jelly is heavily wounded.
The jelly hits you.
You are splashed with acid.
You are too injured to fight recklessly!
You are too injured to fight recklessly!
You hit the jelly.
Your hands burn!
The jelly is severely wounded.
The jelly hits you.
* * * LOW HITPOINT WARNING * * *
The acid corrodes you!
You are splashed with acid!
* * * LOW HITPOINT WARNING * * *
Unknown command.
You feel much better. The jelly hits you.
You are splashed with acid!
* * * LOW HITPOINT WARNING * * *
You hit the jelly but do no damage. The acid corrodes you!
Your hands burn!
* * * LOW HITPOINT WARNING * * *
The jelly is severely wounded.
The jelly hits you.
* * * LOW HITPOINT WARNING * * *
The acid corrodes you!
You are splashed with acid!
* * * LOW HITPOINT WARNING * * *
You feel much better. The jelly hits you.
* * * LOW HITPOINT WARNING * * *
You are splashed with acid!
* * * LOW HITPOINT WARNING * * *
You hit the jelly but do no damage.
Your hands burn!
* * * LOW HITPOINT WARNING * * *
The jelly is heavily wounded.
Unknown command.
You feel better. The jelly hits you.
* * * LOW HITPOINT WARNING * * *
The acid corrodes you!
You are splashed with acid!
* * * LOW HITPOINT WARNING * * *
You hit the jelly but do no damage.
Your hands burn!
You die...

#
#..##############
.................
......)..l#
#.#.#####J######
#.......@<...#.#
#######.####.#.#
#.# #.#.# #.#
#.#.# .########.#
#...#
..........####.#.#
.#####......†....#
........#######.##
.#####..# #.#


You could see an iguana and a jelly.

Vanquished Creatures
  A steam dragon (D:4)
  An ogre (D:4)
  2 scorpions
  A howler monkey (D:4)
  A jelly (D:5)
  2 orc wizards (D:4)
  3 mummies (Ossuary)
  7 adders
  8 gnolls
  A shadow imp (D:5)
  5 adder zombies (Ossuary)
  2 worms (D:2)
  3 dart slugs
  7 orcs
  4 bats (D:1)
  8 endoplasms
  2 giant cockroaches (D:1)
  10 hobgoblins
  12 jackals
  8 quokkas
  6 ball pythons
  3 frilled lizards
  2 goblins
  A goblin zombie (Ossuary)
  2 hobgoblin zombies (Ossuary)
  5 kobolds
  3 kobold zombies (Ossuary)
  4 quokka zombies
  7 rats
  5 rat zombies
126 creatures vanquished.

Notes
Turn   | Place    | Note
-------+----------+-------------------------------------------
     0 | D:1      | Bnni the Hill Orc Monk began the quest for the Orb.
     0 | D:1      | Reached XP level 1. HP: 19/19 MP: 1/1
   129 | D:1      | Reached XP level 2. HP: 24/27 MP: 2/2
   223 | D:1      | Reached skill level 4 in Polearms
   230 | D:1      | You fall into a shaft and drop 1 floor!
   230 | D:2      | Found Vaezuk's Magic Scroll Shoppe.
   240 | D:2      | Bought a scroll of identify for 20 gold pieces
   263 | D:2      | Reached XP level 3. HP: 19/33 MP: 3/3
  1143 | D:2      | Reached XP level 4. HP: 41/41 MP: 4/4
  1235 | D:2      | Reached skill level 5 in Polearms
  1583 | D:3      | Reached XP level 5. HP: 31/47 MP: 5/5
  1594 | D:3      | Reached skill level 5 in Fighting
  1653 | D:3      | Found a runed translucent door.
  1662 | D:3      | Noticed Bnni's ghost (amateur HOMo)
  2488 | D:3      | Found a runed translucent door.
  2546 | D:3      | Found Jastron's General Store.
  2646 | D:3      | Reached skill level 6 in Polearms
  2889 | D:4      | Reached XP level 6. HP: 56/56 MP: 6/6
  3168 | D:4      | Found a sand-covered staircase.
  3179 | Ossuary  | Entered an ossuary
  3453 | Ossuary  | Reached skill level 7 in Polearms
  3651 | D:4      | Reached XP level 7. HP: 53/63 MP: 7/7
  4055 | D:4      | Noticed a steam dragon
  4078 | D:4      | Killed a steam dragon
  4270 | D:5      | Entered Level 5 of the Dungeon
  4282 | D:5      | Reached skill level 8 in Polearms
  4308 | D:5      | Found a snail-covered altar of Cheibriados.
  4483 | D:5      | HP: 3/64 [acid (9)]
  4486 | D:5      | HP: 1/64 [acid (9)]
  4487 | D:5      | Splashed by a jelly's acid

Illustrated notes

Levels and vault maps discovered:
D:1:      tekkud_arrival_beachfront_property, layout_basic,
          chequers_serial_rivers_small_3
D:2:      layout_rooms, serial_shops, shop
D:3:      layout_basic, ebering_ghost_sewer_f, serial_shops, shop
D:4:      layout_basic, enter_ossuary_4
D:5:      layout_loops_ring, kennysheep_slug_shrine

Skill      XL: |  1  2  3  4  5  6  7 |
---------------+----------------------+-----
Fighting       | 4 5 6 |  6.9
Polearms       | 4 5 6 7 8 |  8.2
Dodging        | |  2.4

Action                     |  1- 3 |  4- 6 |  7- 9 || total
---------------------------+-------+-------+-------++-------
  Melee: Spear             |   114 |   266 |    93 ||   473
  Throw: Dart              |       |       |     3 ||     3
    Use: Scroll            |     2 |     5 |       ||     7
         Potion            |       |     2 |     3 ||     5
 Armour: Robe              |    28 |       |       ||    28
         Chain mail        |    27 |   137 |    49 ||   213
  Dodge: Dodged            |    45 |    66 |    24 ||   135

Table legend: (Time is in decaauts)
 A = Elapsed time spent in this place.
 B = Non-inter-level travel time spent in this place.
 C = Inter-level travel time spent in this place.
 D = Time resting spent in this place.
 E = Time spent auto-exploring this place.
 F = Levels seen in this place.
 G = Mean time per level.
                   A        B        C        D        E       F      G
               +--------+--------+--------+--------+--------+-----+--------+
         Total |   4399 |   4245 |    154 |    360 |   3039 |   6 |  733.2 |
       Dungeon |   4051 |   3897 |    154 |    199 |   2963 |   5 |  810.2 |
       Ossuary |    347 |    347 |      0 |    161 |     76 |   1 |  347.0 |
               +--------+--------+--------+--------+--------+-----+--------+

Top non-repeatable levels by time:
     D:3: 1171 daAuts
     D:1: 1090 daAuts
     D:4: 995 daAuts
     D:2: 590 daAuts
 Ossuary: 347 daAuts
     D:5: 204 daAuts
